 Dungeon Crawl Stone Soup version 0.23.0-3-gf3c87f2 (webtiles) character file.

Game seed: 17882106217614573676

39 MovingMist the Skirmisher (level 3, 0/24 HPs)
             Began as a Gargoyle Fighter on Feb 24, 2019.
             Slain by a bullfrog (6 damage)
             ... on level 2 of the Dungeon.
             The game lasted 00:02:37 (1147 turns).

MovingMist the Skirmisher (Gargoyle Fighter)        Turns: 1147, Time: 00:02:37

Health: 0/24       AC: 10    Str: 19      XL:     3   Next: 47%
Magic:  3/3        EV:  7    Int:  5 (8)  God:
Gold:   94         SH:  9    Dex: 10      Spells: 2/2 levels left

rFire    . . .     SeeInvis +   a - +0 flail
rCold    . . .     Gourm    .   c - +0 shield
rNeg     + . .     Faith    .   b - +0 scale mail
rPois    ∞         Spirit   .   (no helmet)
rElec    +         Reflect  .   (no cloak)
rCorr    .         Harm     .   (no gloves)
MR       +....     Clarity  +   (no boots)
Stlth    ..........             (no amulet)
HPRegen  0.08/turn              l - ring of see invisible
MPRegen  0.08/turn              (no ring)

@: no status effects
A: clarity, deterioration 1, magic resistance 1, negative energy resistance 1,
electricity resistance, unbreathing, petrification resistance, rot immunity, AC
+3
a: no special abilities


You were on level 2 of the Dungeon.
You were not hungry.

You visited 1 branch of the dungeon, and saw 2 of its levels.

You collected 94 gold pieces.

Inventory:

Hand Weapons
 a - a +0 flail (weapon)
Armour
 b - a +0 scale mail (worn)
 c - a +0 shield (worn)
Jewellery
 l - a ring of see invisible (left hand)
Scrolls
 i - 2 scrolls of fog {unknown}
 j - a scroll of blinking {unknown}
 k - a scroll of noise {unknown}
 m - a scroll of remove curse {unknown}
 n - a scroll of teleportation {unknown}
Potions
 d - a potion of might
 e - a potion of degeneration {unknown}
 h - a potion of invisibility
 o - a potion of lignification {unknown}
Comestibles
 f - 4 rations
 g - 5 chunks of flesh


   Skills:
 * Level 4.1 Fighting
 + Level 2.5 Maces & Flails
 + Level 3.7 Armour
 - Level 3.2 Shields


You had 2 spell levels left.
You didn't know any spells.
Your spell library was empty.

Dungeon Overview and Level Annotations

Branches:
Dungeon (2/15)

Altars:
Vehumet


Innate Abilities, Weirdness & Mutations

You are resistant to torment.
Your stone body is resilient. (AC +3)
You are immune to poison.
You resist negative energy. (rN+)
You are resistant to electric shocks. (rElec)
You can survive without breathing.
You are immune to petrification.
You are immune to rotting.
You possess an exceptional clarity of mind.
Your body sometimes deteriorates upon taking damage.
You are resistant to hostile enchantments. (MR+)


Message History

The bullfrog is heavily wounded.
The bullfrog hits you.
Your body deteriorates!
You feel dopey. You block the bullfrog's attack.
You barely miss the bullfrog.
The bullfrog is heavily wounded.
The bullfrog completely misses you. You block the bullfrog's attack.
You closely miss the bullfrog.
The bullfrog is heavily wounded.
The bullfrog hits you but does no damage. x2
Your shield and scale mail prevent you from hitting the bullfrog.
The bullfrog is heavily wounded.
The bullfrog hits you.
* * * LOW HITPOINT WARNING * * *
The bullfrog barely misses you.
You hit the bullfrog.
The bullfrog is almost dead.
The bullfrog hits you but does no damage.
The bullfrog hits you.
You die...

#.###.#.# #...
...# #.....#.#
#....>...
#.....#..#
.....
#.....##.#
...)
#......#.# #.#
#....#.#.# #..
#........###..
...
#....#......#
...
#.....@#.##.#
...
#....#.F..#
...
###.####..#
... #.# ..#
... #.# ...
#.. #. .#.# ..
#... . ##


You could see a bullfrog.

Vanquished Creatures
  A worm (D:2)
  A dart slug (D:2)
  3 leopard geckos
  A ball python (D:1)
  5 bats (D:1)
  A giant cockroach (D:2)
  7 goblins
  3 hobgoblins
  4 kobolds
  3 rats (D:1)
29 creatures vanquished.

Notes
Turn   | Place    | Note
-------+----------+-------------------------------------------
     0 | D:1      | MovingMist the Gargoyle Fighter began the quest for the
                  | Orb.
     0 | D:1      | Reached XP level 1. HP: 14/14 MP: 1/1
   161 | D:1      | Reached XP level 2. HP: 19/19 MP: 2/2
   762 | D:1      | Gained mutation: Your body sometimes deteriorates upon
                  | taking damage. [potion of mutation]
   762 | D:1      | Gained mutation: You possess an exceptional clarity of
                  | mind. [potion of mutation]
   762 | D:1      | Gained mutation: You are resistant to hostile enchantments.
                  | (MR+) [potion of mutation]
   810 | D:2      | Reached skill level 4 in Fighting
   810 | D:2      | Reached XP level 3. HP: 24/24 MP: 3/3
   853 | D:2      | Found a radiant altar of Vehumet.
  1130 | D:2      | Noticed a bullfrog
  1147 | D:2      | Slain by a bullfrog

Skill      XL: |  1  2 |
---------------+-------+-----
Fighting       | 4 |  4.1
Maces & Flails | |  2.5
Armour         | |  3.7
Shields        | |  3.2

Action                   || total
-------------------------++-------
Melee: Flail             ||   115
  Use: Scroll            ||     3
       Potion            ||     1
  Eat: Chunk             ||     1
Armor: Scale mail        ||    91
Dodge: Dodged            ||    51
Block: Shield            ||    62
